 Dungeon Crawl Stone Soup version 0.26-a0-682-g294304f6e8 (webtiles) character file.

Game seed: 2495235471078768591

(classic levelgen) 233 EnegeticOcto the Chiller (level 6, -1/36 HPs)
             Began as a Halfling Ice Elementalist on Oct 21, 2020.
             Was a Follower of Elyvilon.
             Slain by an ufetubus (4 damage)
             ... on level 6 of the Dungeon.
             The game lasted 00:06:26 (890 turns).

EnegeticOcto the Chiller (Halfling Ice Elementalist) Turns: 890, Time: 00:06:27

Health: -1/36      AC:  2    Str:  9    XL:     6   Next: 26%
Magic:  2/8        EV: 15    Int: 15    God:    Elyvilon [*.....]
Gold:   93         SH:  0    Dex: 15    Spells: 4/8 levels left

rFire    . . .     SeeInvis .   j - +2 dagger (venom)
rCold    . . .     Faith    .   (shield restricted)
rNeg     . . .     Spirit   .   a - +0 robe
rPois    .         Reflect  .   (no helmet)
rElec    .         Harm     .   (no cloak)
rCorr    .         Rampage  .   (no gloves)
MR       .....                  (no boots)
Stlth    ++........             (no amulet)
HPRegen  0.12/turn              (no ring)
MPRegen  0.11/turn              (no ring)

@: frozen ramparts
A: small, mutation resistance 1
a: Lesser Healing, Divine Protection, Renounce Religion


You were on level 6 of the Dungeon.
You worshipped Elyvilon.
Elyvilon was aware of your devotion.
You visited 1 branch of the dungeon, and saw 6 of its levels.

You collected 93 gold pieces.

Inventory:

Hand Weapons
 j - a +2 dagger of venom (weapon)
Missiles
 f - 5 boomerangs (quivered)
Armour
 a - a +0 robe (worn)
Scrolls
 b - 2 scrolls of enchant armour {unknown}
 d - 3 scrolls of remove curse {unknown}
 e - a scroll of teleportation {unknown}
 i - a scroll of identify {unknown}
 k - a scroll of fear {unknown}
Potions
 c - a potion of curing {@q1 !q}
 g - a potion of flight {unknown}
 h - 2 potions of magic {unknown}


   Skills:
 - Level 2.1 Dodging
 - Level 2.1 Stealth
 - Level 1.5 Spellcasting
 + Level 7.1 Ice Magic


You had 4 spell levels left.
You knew the following spells:

 Your Spells              Type           Power        Failure   Level
a - Freeze                Ice            ###.         1%          1
b - Frozen Ramparts       Ice            ###...       3%          3

Your spell library contained the following spells:

 Spells                   Type           Power        Failure   Level
 Ozocubu's Armour         Ice            ###.....     3%          3
 Summon Small Mammal      Summ           #...         24%         1
 Call Imp                 Summ           #.......     34%         2
 Hailstorm                Conj/Ice       ##......     47%         4
 Summon Ice Beast         Ice/Summ       ##......     47%         4
 Call Canine Familiar     Summ           #.......     56%         3
 Summon Guardian Golem    Hex/Summ       #.......     56%         3
 Summon Lightning Spire   Summ/Air       #.......     93%         4


Dungeon Overview and Level Annotations

Branches:
Dungeon (6/15)
 Temple: D:4-7

Altars:
Ashenzari
Dithmenos
Elyvilon
Fedhas
Wu Jian


Innate Abilities, Weirdness & Mutations

You are small and have problems with some larger weapons.
You are somewhat resistant to further mutation.


Message History

Confirm with . or Enter, or press ? or * to list all spells.
Aiming: Freeze (safe; 1% risk of failure)
Press: ? - help, Shift-Dir - straight line, f/p - adder
Aim: an adder (heavily wounded)
You freeze the adder!
You kill the adder!
You have reached level 6!
Your experience leads to an increase in your attributes!
Increase (s)trength, (i)ntelligence, or (d)exterity?
You feel clever.
There is a stone staircase leading down here.
You climb downwards.
You hear the hiss of flowing sand.
There is an entrance to an ossuary on this level.
Hurry and find it before the portal is buried!
You can now provide lesser healing for yourself.
You can now call on Elyvilon to save your life.
There is a stone staircase leading up here.
Found 7 stones.
Found 9 gold pieces.
A hound comes into view.
The hound barks!
Casting: Freeze (safe; 1% risk of failure)
Confirm with . or Enter, or press ? or * to list all spells.
The walls around you are covered in ice.
The wall freezes the hound.
The wall freezes the hound. x2; The hound completely misses you.
The wall freezes the hound.
The wall freezes the hound. x2
You kill the hound!
Your Ice Magic skill increases to level 7!
The frozen ramparts melt away.
You now have 93 gold pieces (gained 9).
Found a scroll labeled OWORRU FAJUEFI.
Found a shadowy altar of Dithmenos.
An orc comes into view. It is wielding a +0 hand axe.
You see here a scroll labeled OWORRU FAJUEFI.
Found 10 gold pieces.
k - a scroll labeled OWORRU FAJUEFI
There are no items here.
The orc shouts!
You hear a shout!
An orc comes into view. It is wielding a +0 dagger.
The orc moves out of view.
A bullfrog comes into view.
The orc hits you with a +0 hand axe. What are your orders? t - Shout!
Orders for allies: a - Attack new target. r - Retreat! s - Stop attacking. g - Guard the area. f - Follow me.
Anything else - Cancel.
You shout for attention!
The bullfrog gives a loud, deep croak!
You hear a shout! x3
The orc hits you but does no damage. The orc hits you with a +0 hand axe.
The bullfrog releases a deep croak.
The bullfrog hits you.
* * * LOW HITPOINT WARNING * * *
Found a leatherbound book.
Casting: Frozen Ramparts (dangerous; 3% risk of failure)
Confirm with . or Enter, or press ? or * to list all spells.
The walls around you are covered in ice.
The wall freezes the bullfrog.
The bullfrog barely misses you.
The wall freezes the orc.
The wall freezes the bullfrog.
The bullfrog seems to slow down.
The bullfrog misses you.
An ufetubus comes into view.
You hear the slow hiss of a very distant avalanche of sand.
The wall freezes the orc.
You kill the orc!
The wall freezes the bullfrog.
The bullfrog seems to slow down.
An ufetubus comes into view.
The wall freezes the bullfrog.
The bullfrog seems to slow down.
The ufetubus resists.
The wall freezes the ufetubus.
The ufetubus resists.
The wall freezes the ufetubus.
The ufetubus resists.
The wall freezes the ufetubus.
The ufetubus resists.
The wall freezes the ufetubus.
The ufetubus misses you. The ufetubus barely misses you.
The frozen ramparts melt away.
Casting: Frozen Ramparts (dangerous; 3% risk of failure)
Confirm with . or Enter, or press ? or * to list all spells.
The walls around you are covered in ice.
The ufetubus resists.
The wall freezes the ufetubus.
The ufetubus resists.
The wall freezes the ufetubus.
The ufetubus completely resists.
The wall freezes the ufetubus but do no damage.
The ufetubus hits you.
* * * LOW HITPOINT WARNING * * *
The ufetubus barely misses you.
The ufetubus completely resists.
The wall freezes the ufetubus but do no damage.
The ufetubus resists.
The wall freezes the ufetubus.
The ufetubus resists.
The wall freezes the ufetubus.
The ufetubus misses you. The ufetubus hits you.
* * * LOW HITPOINT WARNING * * *
The ufetubus resists.
The wall freezes the ufetubus.
You kill the ufetubus!
The wall freezes the ufetubus but do no damage.
A centaur zombie comes into view.
The ufetubus completely resists.
The wall freezes the ufetubus but do no damage.
The ufetubus resists.
The wall freezes the ufetubus.
The ufetubus hits you.
* * * LOW HITPOINT WARNING * * *
The ufetubus hits you.
You die...

##.## ... ........
#..#..### #....$. ..
##.......# .....# ...
..####...# #....###...
..# #§...§# #....#:..
#.##§.§.§§§##....#.#
..#§§§§..§.§#......###.#
...........§........Z..#
#......_......##@##.###
#..§§...§§§...##5#
#.#§§§.§..§§#)...#
#.##§§§§.§§##.#### ..#
#§§.§§##### .#####§.§##
.#.......# ...#######
####


You could see an ufetubus and a centaur zombie.

Vanquished Creatures
  A scorpion (D:4)
  A hound (D:6)
  An iguana (D:4)
  A hound skeleton (D:4)
  8 adders
  An ufetubus (D:6)
  2 dart slugs (D:1)
  A leopard gecko (D:3)
  2 orcs
  5 bats
  A giant cockroach (D:1)
  3 goblins
  2 hobgoblins
  9 kobolds
  2 frilled lizards
  4 rats
44 creatures vanquished.

Notes
Turn   | Place    | Note
-------+----------+-------------------------------------------
     0 | D:1      | EnegeticOcto the Halfling Ice Elementalist began the quest
                  | for the Orb.
     0 | D:1      | Reached XP level 1. HP: 11/11 MP: 3/3
    60 | D:1      | Reached XP level 2. HP: 10/17 MP: 0/4
   226 | D:2      | Found an ornate altar of the Wu Jian Council.
   262 | D:2      | Found a white marble altar of Elyvilon.
   262 | D:2      | Found a blossoming altar of Fedhas.
   265 | D:2      | Became a worshipper of Elyvilon the Healer
   285 | D:1      | Reached XP level 3. HP: 10/21 MP: 3/5
   353 | D:2      | Reached skill level 5 in Ice Magic
   573 | D:4      | Reached XP level 4. HP: 11/27 MP: 3/6
   610 | D:3      | Found a broken altar of Ashenzari.
   749 | D:4      | Learned a level 3 spell: Frozen Ramparts
   768 | D:4      | Reached skill level 6 in Ice Magic
   768 | D:4      | Reached XP level 5. HP: 14/31 MP: 4/7
   812 | D:5      | Entered Level 5 of the Dungeon
   827 | D:5      | Reached XP level 6. HP: 13/36 MP: 4/8
   830 | D:6      | Reached * piety under Elyvilon
   838 | D:6      | Found a shadowy altar of Dithmenos.
   843 | D:6      | Reached skill level 7 in Ice Magic
   890 | D:6      | Slain by an ufetubus

Illustrated notes

Levels and vault maps discovered:
D:1:      psy_arrival_conway, layout_rooms
D:2:      layout_basic, old_standard_altar, gammafunk_temple_overflow_elements
D:3:      layout_loops_cross, lemuel_doored_altar, cheibrodos_ashenzari_chains
D:4:      layout_cave_pods, nicolae_ru_awakened_eye, serial_shops,
          nicolae_shop_waterfront, tgw_xom, uniq_purgy, uniq_pikel
D:5:      layout_rooms, overflow_temple_1_default, slow_altar_1,
          nemelex_spade_bored_becter
D:6:      layout_rooms, nicolae_dithmenos_the_darkroom, enter_ossuary_2,
          serial_shops, nicolae_shop_waterfront

Skill      XL: |  1  2  3  4  5  6 |
---------------+-------------------+-----
Ice Magic      | 5 6 7 |  7.1
Dodging        | |  2.1
Stealth        | |  2.1
Spellcasting   | |  1.5

Action                   |  1- 3 |  4- 6 || total
-------------------------+-------+-------++-------
Melee: Dagger            |    45 |    23 ||    68
Throw: Boomerang         |     4 |     2 ||     6
 Cast: Freeze            |    25 |    19 ||    44
       Frozen Ramparts   |       |     3 ||     3
  Use: Potion            |       |     1 ||     1
 Stab: Sleeping          |       |     1 ||     1
Armor: Robe              |     8 |     6 ||    14
Dodge: Dodged            |    56 |    44 ||   100

Table legend: (Time is in decaauts)
 A = Elapsed time spent in this place.
 B = Non-inter-level travel time spent in this place.
 C = Inter-level travel time spent in this place.
 D = Time resting spent in this place.
 E = Time spent auto-exploring this place.
 F = Levels seen in this place.
 G = Mean time per level.
                   A        B        C        D        E       F      G
               +--------+--------+--------+--------+--------+-----+--------+
         Total |    896 |    855 |     41 |      0 |      0 |   6 |  149.3 |
       Dungeon |    896 |    855 |     41 |      0 |      0 |   6 |  149.3 |
               +--------+--------+--------+--------+--------+-----+--------+

Top non-repeatable levels by time:
     D:2: 279 daAuts
     D:1: 201 daAuts
     D:4: 186 daAuts
     D:3: 161 daAuts
     D:6: 59 daAuts
     D:5: 9 daAuts
